 Dungeon Crawl Stone Soup version 0.24-a0-217-g1152973720 (webtiles) character file.

Game seed: 9035201113000027651

696348 Orphidia the Lord of Darkness (level 27, -13/152 HPs)
             Began as a Tengu Monk on Mar 29, 2019.
             Was the Champion of Kikubaaqudgha.
             Killed from afar by an ancient lich (85 damage)
             ... with an iron shot
             ... on level 5 of the Realm of Zot on Mar 30, 2019.
             The game lasted 05:35:23 (85719 turns).

Orphidia the Lord of Darkness (Tengu Monk)         Turns: 85719, Time: 05:35:24

Health: -13/152    AC: 29    Str: 17    XL:     27
Magic:  23/57      EV: 26    Int: 24    God:    Kikubaaqudgha [******]
Gold:   5256       SH: 24    Dex: 27    Spells: 10/66 levels left

rFire    + + .     SeeInvis +   a - +9 demon whip (freeze)
rCold    . . .     Gourm    .   q - +0 large shield "Omyer" {rF+}
rNeg     + . .     Faith    .   Z - +8 scale mail of the Nightingale {*Drain rPois Str+2 SInv}
rPois    +         Spirit   .   R - +2 hat
rElec    +         Reflect  .   w - +2 cloak {MR+}
rCorr    .         Harm     .   Y - +2 pair of gloves {Str+3}
MR       +++++                  (boots unavailable)
Stlth    ++........             h - amulet "Tuegiept" {RegenMP rF+ Stlth+}
HPRegen  0.35/turn              Q - ring "Ryihoynn" {MR+++ MP+9 Int+5 Dex+5}
MPRegen  0.60/turn              X - ring of the Orange Skies {rElec rN+ Int+4 Dex+3}

@: no status effects
A: beak, talons 3, icy blue scales 1, blink, blurry vision 3, clumsy 2, dopey 1,
frail 1, screaming 1, able to fly
}: 4/15 runes: decaying, serpentine, slimy, silver
a: Fly, Blink, Receive Corpses, Torment, Renounce Religion


You were on level 5 of the Realm of Zot.
You worshipped Kikubaaqudgha.
Kikubaaqudgha was exalted by your worship.
You were not hungry.

You visited 13 branches of the dungeon, and saw 59 of its levels.
You visited 1 bazaar.
You also visited: Ice Cave and Wizlab.

You collected 9548 gold pieces.
You spent 4292 gold pieces at shops.


Innate Abilities, Weirdness & Mutations

You have a beak for a mouth.
You have claws for feet.
You can fly continuously.
You are partially covered in icy blue scales. (AC +2)
You can translocate small distances at will.
Scrolls take you much longer to read.
You are very clumsy. (Dex -4)
You are dopey. (Int -2)
You are frail. (-10% HP)
You occasionally shout uncontrollably at your foes.


   Skills:
 - Level 16.5 Fighting
 - Level 15.0 Maces & Flails
 + Level 15.2 Armour
 - Level 18.0 Dodging
 - Level 2.0 Stealth
 - Level 23.0 Shields
 - Level 20.0 Spellcasting
 - Level 12.0 Charms
 - Level 10.0 Summonings
 - Level 23.5 Necromancy
 - Level 4.0 Translocations
 - Level 6.0 Evocations


You had 10 spell levels left.
You knew the following spells:

 Your Spells              Type           Power        Failure   Level  Hunger
a - Apportation           Tloc           #####.       1%          1    None
b - Blink                 Tloc           N/A          1%          2    None
j - Aura of Abjuration    Summ           ######....   2%          5    None
r - Regeneration          Chrm/Necr      #######...   0%          3    None
A - Agony                 Necr           #######.     0%          5    None
B - Infestation           Necr           #######...   2%          8    ######.
C - Lesser Beckoning      Tloc           #####.....   3%          3    None
D - Dispel Undead         Necr           #######.     0%          5    None
E - Borgnjor's Vile Clut  Necr/Erth      ######....   1%          5    None
F - Death's Door          Chrm/Necr      #######...   26%         8    ######.
G - Animate Dead          Necr           N/A          0%          4    None
H - Haunt                 Necr/Summ      #######...   4%          7    #####..

Your spell library contained the following spells:

 Spells                   Type           Power        Failure   Level  Hunger
 Animate Skeleton         Necr           N/A          0%          1    None
 Pain                     Necr           ####         0%          1    None
 Corpse Rot               Necr           N/A          0%          2    None
 Sublimation of Blood     Necr           #######...   0%          2    None
 Vampiric Draining        Necr           #######...   0%          3    None
 Infusion                 Chrm           ####         1%          1    None
 Summon Butterflies       Summ           ######..     1%          1    None
 Summon Small Mammal      Summ           ####         1%          1    None
 Call Imp                 Summ           ######..     1%          2    None
 Shroud of Golubria       Chrm/Tloc      ######....   1%          2    None
 Song of Slaying          Chrm           ######..     1%          2    None
 Swiftness                Chrm/Air       ######..     1%          2    None
 Call Canine Familiar     Summ           ######..     1%          3    None
 Recall                   Summ/Tloc      N/A          1%          3    None
 Spectral Weapon          Hex/Chrm       ######..     1%          3    None
 Bolt of Draining         Conj/Necr      ######....   1%          5    None
 Excruciating Wounds      Chrm/Necr      #######...   1%          5    None
 Death Channel            Necr           #######...   1%          6    ###....
 Summon Guardian Golem    Hex/Summ       #####...     2%          3    None
 Summon Demon             Summ           ######....   2%          5    None
 Borgnjor's Revivificati  Necr           #######...   2%          8    ######.
 Gell's Gravitas          Tloc           #####.....   3%          3    None
 Teleport Other           Tloc           #####...     3%          3    None
 Beastly Appendage        Tmut           ###...       5%          1    None
 Confusing Touch          Hex            ###...       5%          1    None
 Corona                   Hex            ###....      5%          1    None
 Flame Tongue             Conj/Fire      ###..        5%          1    None
 Magic Dart               Conj           ###.         5%          1    None
 Sandblast                Erth           ###...       5%          1    None
 Shock                    Conj/Air       ###.         5%          1    None
 Sting                    Conj/Pois      ###.         5%          1    None
 Summon Ice Beast         Ice/Summ       #####...     7%          4    None
 Summon Lightning Spire   Summ/Air       #####...     7%          4    None
 Simulacrum               Ice/Necr       ######....   7%          6    ###....
 Portal Projectile        Hex/Tloc       ####..       8%          3    None
 Ensorcelled Hibernation  Hex/Ice        ###...       9%          2    None
 Passwall                 Tmut/Erth      ###.....     9%          2    None
 Poisonous Vapours        Pois/Air       ###...       9%          2    None
 Slow                     Hex            ###.....     9%          2    None
 Sticks to Snakes         Tmut           ###.....     9%          2    None
 Throw Flame              Conj/Fire      ###...       9%          2    None
 Summon Forest            Summ/Tloc      ######....   9%          5    None
 Passage of Golubria      Tloc           N/A          11%         4    None
 Iskenderun's Battlesphe  Conj/Chrm      ######..     13%         5    None
 Shadow Creatures         Summ           N/A          14%         6    ###....
 Confuse                  Hex            ###.....     17%         3    None
 Conjure Flame            Conj/Fire      ###.....     17%         3    None
 Dazzling Spray           Conj/Hex       ###...       17%         3    None
 Ignite Poison            Fire/Tmut/Pois ###.....     17%         3    None
 Inner Flame              Hex/Fire       ###.....     17%         3    None
 Mephitic Cloud           Conj/Pois/Air  ###.....     17%         3    None
 Spider Form              Tmut/Pois      ###.......   17%         3    None
 Static Discharge         Conj/Air       ###.....     17%         3    None
 Stone Arrow              Conj/Erth      ###...       17%         3    None
 Tukima's Dance           Hex            ###.....     17%         3    None
 Summon Mana Viper        Hex/Summ       #####...     21%         5    None
 Airstrike                Air            ###.......   50%         4    None
 Cause Fear               Hex            ###.......   50%         4    None
 Ice Form                 Ice/Tmut       ###.....     50%         4    None
 Leda's Liquefaction      Hex/Erth       ###.......   50%         4    None
 Olgreb's Toxic Radiance  Pois           ###.....     50%         4    None
 Petrify                  Tmut/Erth      ###.....     50%         4    None
 Sticky Flame             Conj/Fire      ###.....     50%         4    None
 Deflect Missiles         Chrm/Air       ######....   58%         6    ###....
 Summon Hydra             Summ           ######....   61%         7    #####..
 Alistair's Intoxication  Tmut/Pois      ###.....     83%         5    None
 Blade Hands              Tmut           ###.......   83%         5    None
 Bolt of Magma            Conj/Fire/Erth ###.......   83%         5    None
 Fireball                 Conj/Fire      ###.......   83%         5    None
 Irradiate                Conj/Tmut      ###.......   83%         5    None
 Lee's Rapid Deconstruct  Erth           ###.......   83%         5    None
 Lightning Bolt           Conj/Air       ###.......   83%         5    None
 Metabolic Englaciation   Hex/Ice        ###.......   83%         5    None
 Silence                  Hex/Air        ###.......   83%         5    None
 Venom Bolt               Conj/Pois      ###.......   83%         5    None
 Yara's Violent Unravell  Hex/Tmut       ###.......   83%         5    None
 Dispersal                Tloc           #####.....   86%         6    ###....
 Necromutation            Tmut/Necr      ######....   96%         8    ######.
 Spellforged Servitor     Conj/Summ      #####.....   99%         7    #####..
 Bolt of Cold             Conj/Ice       ###.......   100%        6    ###....
 Bolt of Fire             Conj/Fire      ###.......   100%        6    ###....
 Conjure Ball Lightning   Conj/Air       ###.......   100%        6    ###....
 Darkness                 Hex            ###.......   100%        6    ###....
 Freezing Cloud           Conj/Ice/Air   ###.......   100%        6    ###....
 Hydra Form               Tmut           ###.......   100%        6    ###....
 Invisibility             Hex            ###.....     100%        6    ###....
 Iron Shot                Conj/Erth      ###.......   100%        6    ###....
 Ozocubu's Refrigeration  Ice            ###.......   100%        6    ###....
 Statue Form              Tmut/Erth      ###......    100%        6    ###....
 Dragon Form              Tmut           ###.......   100%        7    #####..
 Orb of Destruction       Conj           ###.......   100%        7    #####..
 Discord                  Hex            ###.......   100%        8    ######.
 Dragon's Call            Summ           ######....   100%        9    #######
 Shatter                  Erth           ###.......   100%        9    #######
 Tornado                  Air            ###.......   100%        9    #######

Action                   |  1- 3 |  4- 6 |  7- 9 | 10-12 | 13-15 | 16-18 | 19-21 | 22-24 | 25-27 || total
-------------------------+-------+-------+-------+-------+-------+-------+-------+-------+-------++-------
Melee: Mace              |    72 |    23 |       |       |       |       |       |       |       ||    95
       Peck              |    13 |    23 |    70 |   160 |   443 |   310 |   397 |   480 |  1104 ||  3000
       Kick              |    15 |    30 |    91 |   247 |   669 |   535 |   603 |   740 |  1645 ||  4575
       Short sword       |       |    92 |   261 |    35 |       |       |       |       |       ||   388
       Hand axe          |       |       |    19 |       |       |       |       |       |       ||    19
       Demon whip        |       |       |       |   674 |  1762 |  1307 |  1321 |  1395 |  2744 ||  9203
       Flail             |       |       |       |     7 |       |       |       |       |       ||     7
Throw: Javelin           |       |     9 |    21 |    43 |    76 |     1 |       |       |       ||   150
 Cast: Corpse Rot        |       |       |       |       |     8 |     8 |       |       |     2 ||    18
       Agony             |       |       |       |       |    43 |   145 |    54 |    78 |   118 ||   438
       Regeneration      |       |       |       |       |     3 |    45 |    28 |    48 |    72 ||   196
       Dispel Undead     |       |       |       |       |       |    14 |    61 |    44 |   209 ||   328
       Borgnjor's Vile C |       |       |       |       |       |    31 |    79 |    66 |    41 ||   217
       Apportation       |       |       |       |       |       |     3 |     1 |     2 |     8 ||    14
       Death Channel     |       |       |       |       |       |    19 |    45 |    42 |    12 ||   118
       Animate Dead      |       |       |       |       |       |       |     2 |    35 |    13 ||    50
       Infestation       |       |       |       |       |       |       |       |       |    48 ||    48
       Haunt             |       |       |       |       |       |       |       |       |    55 ||    55
       Blink             |       |       |       |       |       |       |       |       |     5 ||     5
       Aura of Abjuratio |       |       |       |       |       |       |       |       |     5 ||     5
Invok: Receive Corpses   |       |       |       |       |       |       |     3 |       |     1 ||     4
       Receive Necronomi |       |       |       |       |       |       |       |       |     1 ||     1
       Torment           |       |       |       |       |       |       |       |       |     1 ||     1
 Abil: Fly               |       |     1 |       |       |       |       |       |       |       ||     1
       Stop Flying       |       |       |       |       |       |       |       |       |     1 ||     1
Evoke: Wand              |       |       |       |    11 |    17 |    31 |    10 |    14 |    29 ||   112
       Lightning rod     |       |       |       |     3 |     1 |    15 |     9 |     9 |     3 ||    40
       Lamp of fire      |       |       |       |       |     2 |     3 |     3 |     4 |     3 ||    15
       Fan of gales      |       |       |       |       |       |       |       |     1 |     1 ||     2
  Use: Scroll            |       |     5 |    14 |    12 |     9 |     9 |     9 |    16 |    25 ||    99
       Potion            |       |     1 |       |     1 |     5 |    15 |     5 |     6 |    32 ||    65
 Stab: Sleeping          |     6 |    10 |     6 |    10 |     2 |     4 |     2 |     1 |     2 ||    43
       Distracted        |       |     1 |       |     2 |       |    12 |    22 |    35 |    38 ||   110
       Paralysed         |       |       |       |    11 |       |     3 |    13 |       |       ||    27
       Invisible         |       |       |       |       |       |       |       |     1 |    16 ||    17
  Eat: Chunk             |     2 |     7 |     8 |    24 |    30 |    45 |    65 |    36 |    44 ||   261
       Ration            |       |       |     2 |     3 |     3 |    10 |     8 |     8 |    27 ||    61
Armor: Robe              |    15 |    15 |    41 |    19 |       |       |       |       |       ||    90
       Scale mail        |       |       |       |    38 |   225 |    68 |       |    88 |   176 ||   595
       Swamp dragon scal |       |       |       |       |       |    97 |   104 |    40 |       ||   241
       Acid dragon scale |       |       |       |       |       |       |       |       |    26 ||    26
Dodge: Dodged            |    29 |    34 |   199 |   285 |   683 |   583 |   478 |   488 |   852 ||  3631
Block: Shield            |    21 |    31 |    79 |   160 |       |       |   461 |   181 |       ||   933
       Reflection        |       |       |       |     1 |    25 |    31 |    93 |    83 |    29 ||   262
       Other             |       |       |       |       |    24 |       |       |       |       ||    24
       Buckler           |       |       |       |       |   337 |   459 |   191 |       |       ||   987
       Large shield      |       |       |       |       |       |       |       |   898 |  2239 ||  3137

Inventory:

Hand Weapons
 a - a +9 demon whip of freezing (weapon)
 b - a +7 demon whip of electrocution
Armour
 q - the +0 large shield "Omyer" (worn) {rF+}
   (You took it off a deep elf knight on level 3 of the Elven Halls)

   It protects you from fire.
 w - a +2 cloak of magic resistance (worn)
 L - the +2 ratskin cloak {+Rats rPois rN+ Str-1 Int-1 Dex+1}
   (You found it on level 5 of the Pits of Slime)

   It affects your strength (-1).
   It affects your intelligence (-1).
   It affects your dexterity (+1).
   It protects you from poison.
   It protects you from negative energy.
 M - a scarf of cloud immunity
 R - a +2 hat (worn)
 Y - a +2 pair of gloves of strength (worn)
 Z - the +8 scale mail of the Nightingale (worn) {*Drain rPois Str+2 SInv}
   (You found it on level 1 of the Depths)

   It affects your strength (+2).
   It protects you from poison.
   It lets you see invisible.
   It causes draining when unequipped.
Jewellery
 h - the amulet "Tuegiept" (around neck) {RegenMP rF+ Stlth+}
   (You took it off a spriggan berserker on level 3 of the Depths)

   [amulet of magic regeneration]

   It increases your magic regeneration.
   It protects you from fire.
   It makes you more stealthy.
 t - the ring "Zelaraep" {rC+ AC+4}
   (You bought it in a shop on level 2 of the Snake Pit)

   [ring of protection]

   It affects your AC (+4).
   It protects you from cold.
 I - the ring of Neakaac {+Inv AC+3 Int+2 Stlth+}
   (You bought it in a shop in a bazaar)

   [ring of protection]

   It affects your AC (+3).
   It affects your intelligence (+2).
   It lets you turn invisible.
   It makes you more stealthy.
 K - an uncursed amulet of regeneration
 Q - the ring "Ryihoynn" (left hand) {MR+++ MP+9 Int+5 Dex+5}
   (You took it off a fire giant on level 2 of the Depths)

   [ring of intelligence]

   It affects your intelligence (+5).
   It affects your dexterity (+5).
   It affects your resistance to hostile enchantments.
   It affects your magic capacity (+9).
 V - a +6 amulet of reflection
 X - the ring of the Orange Skies (right hand) {rElec rN+ Int+4 Dex+3}
   (You took it off a deep elf knight on level 3 of the Elven Halls)

   [ring of intelligence]

   It affects your intelligence (+4).
   It affects your dexterity (+3).
   It insulates you from electricity.
   It protects you from negative energy.
Wands
 k - a wand of acid (31)
 p - a wand of clouds (5)
 G - a wand of scattershot (5)
 J - a wand of iceblast (59)
 U - a wand of digging (4)
Scrolls
 d - a scroll of silence
 j - 14 scrolls of teleportation
 r - 5 scrolls of blinking
 x - a scroll of holy word
 y - 7 scrolls of immolation
 A - 6 scrolls of enchant armour
 B - 2 scrolls of torment
 D - 4 scrolls of magic mapping
 E - 3 scrolls of fog
 F - 30 scrolls of identify
 P - 25 scrolls of remove curse
 S - 8 scrolls of fear
Potions
 f - 6 potions of haste
 i - 7 potions of heal wounds
 l - 3 potions of ambrosia
 m - 3 potions of magic
 n - 10 potions of curing
 s - 6 potions of cancellation
 u - 5 potions of might
 v - 8 potions of mutation
 z - 3 potions of agility
 H - 3 potions of brilliance
 N - 4 potions of invisibility
 W - 3 potions of resistance
Miscellaneous
 g - a phial of floods
 o - a fan of gales
 O - a lamp of fire
 T - a lightning rod (4/4)
Comestibles
 c - 48 rations
 C - 3 chunks of flesh {@w1}

▓▓▓▓▓▓▓▓▓▓▓# #▓▓▓▓▓ §......▓▓▓▓
▓▓▓▓. ..........▓## ##▓....
.X....^.....#* ##......
^p...........* ▓▓▓▓▓▓▓▓▓ #..^....
....*......).*▓▓s......▓▓▓..^..%.
.^...y.......▓▓.WW......▓▓..%....
......^.....)▓.DWs.^.....▓......%
L^d..........§.L@^.0)^...)).)....
.z.d........§▓.W.^...)...▓().....
....d.......)▓▓.........▓▓.......
.......^.....*▓▓.......▓▓▓.......
.......L.....* ▓▓▓▓▓▓▓▓▓ ▓.......
....d.......▓* ▓▓......
..........▓▓▓ ▓▓▓.... ^......▓▓▓▓
▓▓▓▓. ▓▓▓▓▓▓▓▓ *▓


You could see an ancient lich, a quicksilver dragon, 2 friendly phantasmal
warriors, a friendly freezing wraith, a friendly wraith and 2 friendly death
scarabs.

Vanquished Creatures
  the Royal Jelly (Slime:5)
  3 ancient liches (Zot:5)
  Mara (Vaults:2)
  A juggernaut (Depths:2)
  2 orbs of fire (Zot:5)
  3 greater mummies
  the Lernaean hydra (Swamp:4)
  4 Killer Klowns (Zot:5)
  Vashnia (Snake:4)
  2 curse toes
  Saint Roka (Crypt:3)
  6 golden dragons
  Nikola (Swamp:2)
  A profane servitor (Crypt:2)
  the Enchantress (Depths:1)
  7 liches
  3 electric golems
  A shard shrike skeleton (Crypt:1)
  10 tentacled monstrosities
  2 titans (Vaults:5)
  13 Orb Guardians (Zot:5)
  A deep elf master archer (Elf:3)
  9 quicksilver dragons
  Asterion (Vaults:3)
  4 deep elf blademasters
  10 acid blobs
  8 death cobs
  12 sphinxes
  2 thorn hunters (Swamp:2)
  4 tengu reavers
  2 nagarajas (Snake:4)
  9 shadow dragons
  10 storm dragons
  12 draconian monks
  Donald (Swamp:2)
  8 azure jellies
  2 revenants
  8 fire giants
  3 ghost moths (Zot:5)
  An iron dragon (Depths:3)
  7 deep elf sorcerers
  13 frost giants
  3 curse skulls
  2 draconian knights
  7 vault wardens
  2 draconian scorchers
  An orc warlord (Orc:2)
  7 spriggan defenders
  6 draconian stormcallers
  9 ghouls
  5 deep elf elementalists (Elf:3)
  2 draconian annihilators
  A war gargoyle (Vaults:5)
  10 stone giants
  10 ironheart preservers
  4 deep elf demonologists (Elf:3)
  10 green draconians
  9 very ugly things
  9 deep elf annihilators (Elf:3)
  A dire elephant (Lair:6)
  13 white draconians
  6 vampire knights
  5 purple draconians
  4 black draconians
  2 spark wasps (Depths:3)
  2 yellow draconians
  2 pearl dragon zombies (Crypt:2)
  A merfolk javelineer (Depths:4)
  5 red draconians
  Snorg (Lair:4)
  10 deep elf death magi
  14 mummy priests
  21 ettins
  10 fire dragons
  2 eidola (Crypt:2)
  11 jiangshi
  11 deep elf high priests
  A quicksilver dragon zombie (Crypt:3)
  3 death oozes
  10 yaktaur captains
  4 rakshasas
  13 great orbs of eyes
  10 ogre magi
  20 hydras
  A merfolk avatar (Lair:6)
  16 ice dragons
  12 vault guards
  12 naga warriors
  2 catoblepae
  42 two-headed ogres
  3 spriggan air magi
  14 centaur warriors
  A ghost crab (Swamp:1)
  5 death knights
  An anaconda (shapeshifter) (Vaults:5)
  2 shambling mangroves
  A two-headed ogre (shapeshifter) (Depths:3)
  6 anacondas
  12 dancing weapons
  6 death yaks
  A satyr (shapeshifter) (Depths:5)
  7 deep troll shamans
  8 alligators
  3 hell hogs (Crypt:2)
  9 vampire magi
  6 tengu warriors
  6 deep troll earth magi
  4 orc high priests (Orc:2)
  13 naga sharpshooters
  9 spriggan berserkers
  12 death scarabs (Tomb:1)
  9 spriggans
  Sonja (Lair:2)
  7 shock serpents
  19 deep elf knights
  A soul eater (Crypt:3)
  The ghost of Zero the Cleaver, a novice GrBe of Trog (Lair:1)
  8 hell knights
  32 skeletal warriors
  2 iron trolls
  3 large abominations (Elf:1)
  2 shadow wraiths
  3 swamp dragons
  A storm dragon skeleton (Crypt:1)
  2 salamander mystics
  2 unseen horrors
  2 glowing orange brains
  A sea snake (Lair:6)
  5 naga ritualists
  7 flayed ghosts
  2 wizards
  26 deep trolls
  A shadow dragon zombie (Crypt:1)
  11 ironbrand convokers
  A harpy (Lair:6)
  11 deep elf archers
  15 orc knights
  8 phantasmal warriors
  A fire giant zombie (Crypt:1)
  8 orc sorcerers
  7 mana vipers
  55 deep elf magi
  7 salamanders
  7 cyclopes
  A manticore (shapeshifter) (D:15)
  3 wolf spiders
  10 necromancers
  2 manticores
  49 ugly things
  17 naga magi
  6 elephants
  A black mamba (shapeshifter) (Vaults:3)
  2 centaur zombies
  27 moths of wrath
  4 apis skeletons (Crypt:2)
  A dire elephant zombie (Tomb:1)
  An ice statue (IceCv)
  A guardian serpent (shapeshifter) (Vaults:1)
  2 orange demons
  A rust devil (Depths:1)
  A water nymph (shapeshifter) (Depths:3)
  7 vault sentinels
  7 guardian serpents (Snake:4)
  29 black mambas
  A torpor snail (Lair:5)
  2 gargoyles
  14 spiny frogs
  An eye of devastation (Slime:4)
  A komodo dragon (shapeshifter) (Depths:1)
  2 efreet
  9 rime drakes
  22 komodo dragons
  An alligator snapping turtle skeleton (Crypt:1)
  A redback zombie (D:15)
  38 yaktaurs
  A sea snake skeleton (Crypt:2)
  3 tengu conjurers
  49 guardian mummies
  9 freezing wraiths
  A troll (shapeshifter) (Depths:3)
  A queen bee (shapeshifter) (Vaults:1)
  A queen bee (Lair:5)
  A polar bear (shapeshifter) (Elf:2)
  3 meliai (Lair:5)
  9 trolls
  A grey draconian skeleton (Crypt:3)
  14 hornets
  A red devil (Zot:5)
  A jumping spider (shapeshifter) (Snake:4)
  19 polar bears
  5 tyrant leeches
  A wind drake (Lair:6)
  2 hydra zombies (Crypt:2)
  A raiju (shapeshifter) (Vaults:4)
  17 blink frogs
  A meliai zombie (Crypt:1)
  6 bog bodies
  68 slime creatures
  A hippogriff (shapeshifter) (Depths:3)
  A harpy skeleton (D:15)
  8 hippogriffs
  An ice dragon zombie (Crypt:1)
  2 satyr skeletons
  4 air elementals
  An ettin zombie (Crypt:1)
  15 flying skulls
  2 tarantellas (shapeshifter)
  9 ushabtiu
  5 water elementals
  5 shadows
  8 wyverns
  7 wraiths
  A fire bat (shapeshifter) (Elf:2)
  A vampire (D:13)
  A human (shapeshifter) (D:13)
  A hungry ghost (D:12)
  7 basilisks
  2 hogs (Swamp:3)
  A wyvern (shapeshifter) (Depths:3)
  3 fire elementals
  9 golden eyes
  A basilisk (shapeshifter) (Vaults:5)
  48 yaks
  10 vampire mosquitoes
  57 nagas
  A glowing shapeshifter zombie (Crypt:3)
  6 insubstantial wisps (Swamp:1)
  11 wargs
  A soldier ant (shapeshifter) (Vaults:1)
  A spiny frog zombie (Crypt:2)
  14 swamp worms
  4 acid dragons
  A hell hound (Depths:1)
  A gelid demonspawn zombie (Crypt:1)
  18 water moccasins
  An infernal demonspawn skeleton (Crypt:2)
  7 porcupines
  An eye of draining (shapeshifter) (Vaults:2)
  A black bear (D:7)
  6 swamp drakes
  62 orc warriors
  4 ice beasts
  4 eyes of draining
  2 phantoms
  A fire dragon simulacrum (Depths:1)
  A hornet zombie (Crypt:3)
  4 sky beasts
  18 centaurs
  15 boggarts
  13 wolves
  35 ogres
  4 necrophages
  11 crocodiles
  An elephant skeleton (Crypt:1)
  3 earth elementals
  18 bullfrogs
  5 elf zombies (Elf:1)
  A hippogriff skeleton (Crypt:2)
  A salamander skeleton (Crypt:1)
  A spiny frog simulacrum (Lair:1)
  A wyvern zombie (D:14)
  An elf simulacrum (Vaults:2)
  4 scorpions
  A troll zombie (Crypt:2)
  A cyclops skeleton (Crypt:1)
  33 killer bees
  A raiju skeleton (Crypt:3)
  2 polar bear skeletons
  A rime drake simulacrum (Lair:1)
  15 wights
  An electric eel (Lair:6)
  10 crimson imps
  3 human simulacra
  9 centaur skeletons
  A gnoll shaman (D:10)
  2 jellies
  2 quasits (D:12)
  Crazy Yiuf (D:2)
  A bullfrog skeleton (D:10)
  5 hounds
  33 orc priests
  A human zombie (Crypt:1)
  A hell rat (Lair:5)
  A human skeleton (Crypt:3)
  11 iguanas
  40 orc wizards
  13 worker ants
  A wolf simulacrum (Lair:1)
  A bullfrog simulacrum (Lair:1)
  A hound zombie (D:7)
  A tengu skeleton (Crypt:3)
  A naga skeleton (Crypt:1)
  A hound skeleton (D:5)
  A porcupine simulacrum (Lair:1)
  38 mummies
  A worker ant zombie (D:8)
  A howler monkey skeleton (D:4)
  10 adders
  A crocodile simulacrum (Lair:1)
  7 gnolls
  A river rat (Lair:5)
  A shadow imp (D:11)
  2 adder skeletons (D:8)
  An adder zombie (D:7)
  A dart slug (D:1)
  11 leopard geckos
  142 orcs
  A bat zombie (Crypt:2)
  5 giant cockroaches
  7 goblins
  8 hobgoblins
  4 jackals (D:6)
  6 quokkas
  A ball python skeleton (D:5)
  9 bats
  7 frilled lizards
  A gnoll skeleton (Crypt:2)
  5 kobolds
  22 rats
  A river rat zombie (Crypt:2)
  A butterfly (Lair:3)
  7 crawling corpses
  A fungus (Elf:2)
2426 creatures vanquished.

Vanquished Creatures (collateral kills)
  Dissolution (Slime:2)
  2 orbs of fire (Zot:5)
  A juggernaut (Depths:5)
  2 ancient liches (Vaults:5)
  Margery (Vaults:2)
  A caustic shrike (Depths:3)
  6 golden dragons
  An electric golem (Zot:1)
  5 tentacled monstrosities
  9 Orb Guardians (Zot:5)
  2 quicksilver dragons
  Rupert (Snake:1)
  2 titans (Vaults:5)
  2 liches
  6 acid blobs (Slime:5)
  2 sphinxes
  Kirke (Swamp:3)
  4 shadow dragons
  8 storm dragons
  5 tengu reavers
  A draconian monk (Zot:1)
  4 nagarajas
  6 frost giants
  A draconian knight (Zot:4)
  6 vault wardens
  7 fire giants
  An iron dragon (Depths:3)
  A deep elf elementalist (Elf:3)
  2 draconian scorchers (Zot:1)
  2 draconian stormcallers (Zot:3)
  3 ironheart preservers
  4 spriggan defenders
  7 very ugly things
  6 draconian annihilators
  4 stone giants
  4 war gargoyles (Vaults:5)
  A large abomination (Vaults:5)
  5 green draconians
  A deep elf demonologist (Depths:5)
  2 deep elf annihilators
  3 black draconians
  12 red draconians
  7 purple draconians
  2 yellow draconians
  3 white draconians
  2 deep elf death magi
  3 ettins
  3 small abominations (Vaults:5)
  A crystal guardian (Vaults:4)
  A death ooze (Slime:5)
  2 fire dragons
  7 yaktaur captains
  6 great orbs of eyes
  A deep elf high priest (Depths:5)
  A rakshasa (Depths:1)
  3 ice dragons
  5 naga warriors
  20 vault guards
  A spriggan air mage (Depths:1)
  5 hydras
  A hell beast (Depths:1)
  A shambling mangrove (Swamp:4)
  An alligator (Swamp:3)
  2 anacondas (Snake:4)
  12 two-headed ogres
  4 ogre magi
  A dancing weapon (Vaults:5)
  A deep troll shaman (Depths:4)
  2 tengu warriors (Depths:2)
  4 spriggan berserkers
  A deep troll earth mage (Depths:4)
  A vampire mage (Depths:5)
  8 hell knights
  A shock serpent (Snake:1)
  A naga sharpshooter (Snake:1)
  4 deep elf knights
  A shadow wraith (Vaults:5)
  A deep troll (shapeshifter) (Vaults:5)
  3 iron trolls
  2 glowing orange brains
  9 deep trolls
  6 swamp dragons (Swamp:4)
  2 spriggan druids
  4 naga ritualists
  2 deep elf archers
  3 lindwurms (Swamp:4)
  3 ironbrand convokers
  An orc knight (Vaults:2)
  2 phantasmal warriors (Vaults:5)
  2 necromancers
  3 mana vipers
  4 shining eyes
  18 ugly things
  2 salamanders
  2 wolf spiders
  A deep elf mage (Vaults:1)
  5 moths of wrath
  8 black mambas
  5 vault sentinels
  4 naga magi
  3 guardian serpents
  2 spiny frogs
  A spiny frog (shapeshifter) (Vaults:5)
  9 yaktaurs
  4 freezing wraiths
  A tengu simulacrum (Vaults:3)
  A tyrant leech (Swamp:3)
  4 hornets
  A blink frog (shapeshifter) (Depths:1)
  2 slime creatures
  3 spriggans
  A wraith (Crypt:3)
  2 hogs (Swamp:3)
  A vampire mosquito (Swamp:3)
  A swamp worm (shapeshifter) (Vaults:5)
  16 nagas
  3 swamp drakes (Swamp:4)
  2 orc warriors
  A centaur (Depths:3)
  4 ogres
  A boggart (Depths:1)
  A crimson imp (Depths:4)
  An orc wizard (Crypt:3)
  An orc priest (Vaults:2)
  5 orcs
  5 crawling corpses
  4 fungi (Depths:3)
  3 plants (Depths:4)
439 creatures vanquished.

Vanquished Creatures (others)
  A deep elf master archer (Elf:3)
  A draconian knight (Zot:3)
  3 stone giants
  4 yaktaur captains
  A vampire mage (Depths:2)
  A naga sharpshooter (Snake:4)
  A deep elf archer (Vaults:1)
  A deep elf mage (Elf:3)
  A cyclops (Vaults:2)
  A guardian serpent (Snake:4)
  A black mamba (Snake:4)
  4 yaktaurs
  A guardian mummy (Crypt:3)
  3 humans (Swamp:3)
  A yak (IceCv)
  2 wargs
  An orc warrior (Crypt:3)
  A wolf (IceCv)
  A centaur (D:12)
  2 orcs
  5 briar patches (Swamp:2)
  A crawling corpse (Vaults:5)
  9 fungi
  10 plants
57 creatures vanquished.

Grand Total: 2922 creatures vanquished

Levels and vault maps discovered:
D:1:      saegor_arrival_simple_c, layout_basic
D:2:      layout_loops_cross, minmay_tetromino_i2, uniq_crazy_yiuf_cottage
D:3:      layout_loops_ring, tso_oasis_becter
D:4:      layout_basic, vehumet_altar_wand_db, corexii_hall_statues_s,
          minmay_rat_hole
D:5:      layout_loops_ring, nicolae_dithmenos_through_a_glass_darkly,
          minmay_temple_entry_grid, first_ration
D:6:      layout_basic, nicolae_overflow_crystal_walls,
          nicolae_gozag_cash_rules_everything_around_me
D:7:      layout_rooms, marbit_many_paths
D:8:      layout_basic, kiku_gazebo_pond_becter
D:9:      layout_irregular_city, basic_altar
D:10:     layout_irregular_city, erik_lair_orcish_takeover
D:11:     layout_basic, grunt_pizzeria
D:12:     layout_rooms, david_orc_5, serial_shops, bzr_entry_gold
D:13:     layout_irregular_city, david_vaults_5, portal_ice_cave_entry_pillars_1
D:14:     layout_big_octagon, grunt_ministairs_7, minmay_misc_feat_room
D:15:     grunt_enter_depths_magical_seal, layout_cave_pools, minivault_26,
          gammafunk_ghost_mausoleum, chequers_jeans, st_stairs_6,
          chequers_serial_rivers_micro_b
Temple:   eino_wide_crystal_templ
Lair:1:   beast_lair_carwin_large_4, layout_regular_city, gammafunk_ghost_icy,
          st_stairs_12, minivault_25, fungi_pond_lemuel, serial_bayou_lagoon_a,
          serial_bayou_shore_b
Lair:2:   layout_gridlike, uniq_sonja
Lair:3:   layout_roguey, skrybe_swamp_entry_bodies,
          minmay_snake_entry_guardpost_medium, lemuel_fruit_tree,
          lemuel_fruit_fields
Lair:4:   layout_hall_layers, grunt_forest_stairs_basic, uniq_snorg
Lair:5:   regret_index_tunnel_blossom, layout_layer_cave,
          dpeg_slime_entry_enclosed_altar, basic_altar
Lair:6:   gammafunk_lair_ancient_temple, layout_layer_cave,
          infiniplex_staircase_pool
Swamp:1:  layout_basic_swamp, evilmike_swamp_ruin_house_6, swamp_pool1,
          uniq_roxanne
Swamp:2:  layout_basic_swamp, hangedman_swamp_ruin_hall, uniq_donald,
          uniq_nikola
Swamp:3:  layout_basic_swamp, hangedman_swamp_lotus, swamp_pool1, uniq_kirke
Swamp:4:  swamp_alternative, layout_basic_swamp
Snake:1:  layout_rooms, lightli_airlock, uniq_rupert
Snake:2:  layout_onion, minmay_shop_grove, grunt_megastairs_3
Snake:3:  layout_misc_corridors, basic_altar
Snake:4:  johnstein_snake_rune_scales, layout_chambers, serial_shops,
          nicolae_shop_crystal, serial_bayou_pond_a
Slime:1:  layout_caves, cheibrodos_slime_lost_civilization_6
Slime:2:  layout_caves, uniq_dissolution
Slime:3:  layout_caves, nicolae_slime_barrier
Slime:4:  layout_caves
Slime:5
Orc:1:    layout_caves, serial_shops, shop_fountains
Orc:2:    pubby_orc_utopia, serial_shops
Elf:1:    eino_elf_arrival_shootout, layout_loops_corners, minmay_elf_necromancy
Elf:2:    layout_geoelf_octagon
Elf:3:    minmay_elf_hall_hex, layout_rooms, item_on_display_a
Vaults:1: nicolae_vaults_twisting_passages, hangedman_vaults_impose,
          vaults_mumra_lcd, nicolae_vaults_network_quinsquares
          [nicolae_vaults_network_quincunx_subvault,
          nicolae_vaults_network_quincunx_subvault,
          nicolae_vaults_network_quincunx_subvault,
          nicolae_vaults_network_quincunx_subvault], hangedman_vaults_nails,
          ontoclasm_vaults_loading_screen, nicolae_vaults_stairing_the_circle,
          v_pattern_3, nicolae_vaults_little_squares_6, v_misc_17,
          layout_vaults_ring
Vaults:2: minmay_crypt_entry_simple_statues, nicolae_vaults_back_hallway,
          v_misc_27, ontoclasm_vaults_ring_large, v_misc_3,
          hangedman_vaults_restitches, v_misc_5, ontoclasm_vaults_gallery,
          layout_vaults_chaotic_city, serial_shops, shop, uniq_mara,
          uniq_margery
Vaults:3: v_misc_28, nicolae_vaults_bisected_slash, v_rooms_5,
          hangedman_vaults_stretched_pinwheel, grunt_vaults_hallway_short,
          grunt_vaults_twisty, layout_vaults_omnigrid,
          lightli_enter_wizlab_magi_temple, serial_shops, shop, uniq_asterion
Vaults:4: ontoclasm_vaults_gateway, vaults_room_semicircle, vaults_dpeg_ring,
          ontoclasm_vaults_shout, hangedman_vaults_variations,
          vaults_room_pools, ontoclasm_vaults_twist, vaults_dpeg_hooks,
          nicolae_vaults_little_squares_3, nicolae_vaults_shelves_hall,
          layout_vaults_big_cross
Vaults:5
Crypt:1:  layout_misc_corridors
Crypt:2:  layout_regular_city, corexii_leaking_fountain, hangedman_blasphemy
Crypt:3:  church_of_pain_bobbens, layout_chaotic_city,
          tomb_entry_sphere_bobbens, uniq_saint_roka
Tomb:1
Depths:1: minmay_bloctagon, layout_basic, enter_ziggurat_c,
          grunt_mini_vestibule, roderic_cross_of_infinity, nooodl_orcs_dogs,
          minmay_shoptagon
Depths:2: minmay_the_grid_square_5x5_4x4_mashed
          [minmay_the_grid_square_5x5_minimal,
          minmay_the_grid_square_5x5_minivault,
          minmay_the_grid_square_5x5_half_checkered,
          minmay_the_grid_square_5x5_six,
          minmay_the_grid_square_5x5_checkered_statues,
          minmay_the_grid_square_5x5_prize_deathbox,
          minmay_the_grid_square_5x5_prize_open,
          minmay_the_grid_square_5x5_shuriken,
          minmay_the_grid_square_5x5_eight_small,
          minmay_the_grid_square_5x5_prize_pseudospiral,
          minmay_the_grid_square_5x5_prize_junk,
          minmay_the_grid_square_5x5_inverted_slash,
          minmay_the_grid_square_5x5_bridge,
          minmay_the_grid_square_5x5_spiral_small,
          minmay_the_grid_square_5x5_minibox, minmay_the_grid_square_5x5_v],
          layout_cave_pools, chequers_serial_rivers_micro_c, hell_entry,
          chequers_serial_rivers_small_b, nicolae_benzene_ring, uniq_enchantress
Depths:3: hangedman_slaughterboxes, hell_entry, abyss_entry, pan_entry
Depths:4: gammafunk_corrupted_shrine, layout_gridlike,
          nicolae_trove_entry_crossroad, hangedman_geh_valley, abyss_entry,
          hex_large, corner_web_ring, minmay_staircase_statues
Depths:5: grunt_zot_entry_gee_three, layout_honeycomb, abyss_entry, hell_entry,
          minmay_pinched_square
Zot:1:    kennysheep_spiral_hall, layout_misc_corridors
Zot:2:    nicolae_zot_stationary_front, layout_twisted_circle
Zot:3:    layout_onion, grunt_megastairs_2
Zot:4:    gammafunk_the_bubble [the_bubble_gammafunk_crates],
          layout_misc_corridors, st_stairs_3, grunt_megastairs_4
Zot:5:    layout_misc_corridors
Bazaar:   bazaar_mystics
IceCv:    ice_cave_caverns_02
WizLab:   wizlab_golubria


Message History

Your wraith drains the quicksilver dragon's vigour!
The quicksilver dragon seems to slow down.
Unknown command.
Casting: Dispel Undead (safe; 0% risk of failure)
Confirm with . or Enter, or press ? or * to list all spells.
Aiming: Dispel Undead (safe; 0% risk of failure)
Press: ? - help, Shift-Dir - straight line, f/p - ancient lich
Aim: an ancient lich (heavily damaged)
The ancient lich is dispelled!!
Your death scarab misses the quicksilver dragon.
Your phantasmal warrior blinks!
Your freezing wraith hits the ancient lich.
Your freezing wraith freezes the ancient lich.
The ancient lich resists.
Your freezing wraith hits the ancient lich but does no damage.
The ancient lich gestures at you while chanting.
The iron shot hits you!!!!
Ouch! That really hurt!
You die...
Kikubaaqudgha rasps: "You have failed me!
Welcome... death!"

Notes
Turn   | Place    | Note
-------+----------+-------------------------------------------
     0 | D:1      | Orphidia the Tengu Monk began the quest for the Orb.
     0 | D:1      | Reached XP level 1. HP: 14/14 MP: 2/2
   193 | D:1      | Reached XP level 2. HP: 16/19 MP: 3/3
   931 | D:2      | Noticed an ice beast
   951 | D:2      | Reached XP level 3. HP: 23/23 MP: 4/4
  1315 | D:2      | Reached skill level 5 in Maces & Flails
  1695 | D:3      | Reached XP level 4. HP: 28/28 MP: 5/5
  1957 | D:2      | Found a runed translucent door.
  1958 | D:2      | Noticed Crazy Yiuf
  2159 | D:2      | Gained mutation: You can fly continuously. [Tengu growth]
  2159 | D:2      | Reached XP level 5. HP: 32/32 MP: 6/6
  2454 | D:2      | Killed Crazy Yiuf
  2830 | D:3      | Found a glowing golden altar of the Shining One.
  2877 | D:4      | Found a radiant altar of Vehumet.
  2939 | D:4      | Reached XP level 6. HP: 37/39 MP: 7/7
  3490 | D:4      | Reached skill level 5 in Fighting
  3792 | D:5      | Entered Level 5 of the Dungeon
  3905 | D:5      | Noticed an ice beast
  3914 | D:5      | Found a staircase to the Ecumenical Temple.
  3923 | D:5      | Killed an ice beast
  3923 | D:5      | Reached XP level 7. HP: 13/46 MP: 8/8
  3928 | Temple   | Entered the Ecumenical Temple
  4355 | D:5      | Got a polished hand axe
  4492 | D:5      | Found a shadowy altar of Dithmenos.
  4539 | D:6      | Found a shattered altar of Ashenzari.
  5033 | D:6      | Reached XP level 8. HP: 54/54 MP: 9/9
  5208 | D:6      | Found an opulent altar of Gozag.
  5714 | D:7      | Noticed a hippogriff
  5816 | D:7      | Killed a hippogriff
  5816 | D:7      | Reached skill level 5 in Dodging
  6143 | D:7      | Identified Toosh's Incunabulum of Toxins and Hexes
  6194 | D:7      | Found a stormy altar of Qazlal.
  6239 | D:7      | Reached XP level 9. HP: 46/60 MP: 10/10
  7075 | D:8      | Reached skill level 1 in Evocations
  7411 | D:8      | Found an ancient bone altar of Kikubaaqudgha.
  7418 | D:8      | Became a worshipper of Kikubaaqudgha
  7418 | D:8      | Reached * piety under Kikubaaqudgha
  7418 | D:8      | Identified Kikubaaqudgha's Reference Book on Evil {god
                  | gift} (Kikubaaqudgha gifted it to you on level 8 of the
                  | Dungeon)
  7418 | D:8      | Received a gift from Kikubaaqudgha
  7418 | D:8      | Reached ** piety under Kikubaaqudgha
  7795 | D:9      | Identified the +6 hand axe "Tuexoaw" {freeze, *Slow rN++
                  | MR- Stlth+} (You found it on level 5 of the Dungeon)
  8148 | D:9      | Found a white marble altar of Elyvilon.
  8466 | D:10     | Entered Level 10 of the Dungeon
  8700 | D:10     | Reached skill level 5 in Evocations
  8703 | D:10     | Noticed a troll
  8711 | D:10     | Killed a troll
  8747 | D:10     | Reached XP level 10. HP: 63/66 MP: 15/15
  8970 | D:10     | Found a staircase to the Lair.
  9301 | D:10     | Reached *** piety under Kikubaaqudgha
  9301 | D:10     | Identified Kikubaaqudgha's Handbook of Dark Arts {god gift}
                  | (Kikubaaqudgha gifted it to you on level 10 of the Dungeon)
  9301 | D:10     | Received a gift from Kikubaaqudgha
  9305 | D:10     | ok, i want to just fucking /quit
  9305 | D:10     | no animate, no zombie hands, and useless castable pain
                  | brand :/
  9305 | D:10     | fuck you kiku, fuck you crawl
  9410 | D:10     | and that's after finding kiku's altar as late as
                  | possible...
  9410 | D:10     | why do i keep playing this bullshit game
 10262 | D:11     | Reached skill level 10 in Maces & Flails
 10353 | D:11     | Noticed an eight-headed hydra
 10685 | D:11     | Reached XP level 11. HP: 71/71 MP: 16/16
 11189 | D:11     | Noticed a two-headed ogre
 11198 | D:11     | Killed a two-headed ogre
 11517 | D:12     | Noticed a cyclops
 11521 | D:12     | Killed a cyclops
 11585 | D:12     | Found a flickering gateway to a bazaar.
 11607 | Bazaar   | Entered a bazaar
 11674 | Bazaar   | Found Rikamej's Magic Scroll Shop.
 11674 | Bazaar   | Found Wenuacij's Jewellery Boutique.
 11695 | Bazaar   | Bought the ring of Neakaac {+Inv AC+3 Int+2 Stlth+} for 378
                  | gold pieces
 11695 | Bazaar   | Bought a +4 amulet of reflection for 243 gold pieces
 11697 | Bazaar   | Bought a scroll of teleportation for 24 gold pieces
 11697 | Bazaar   | Bought a scroll of teleportation for 24 gold pieces
 11697 | Bazaar   | Bought a scroll of identify for 16 gold pieces
 11769 | D:12     | Noticed a cyan ugly thing
 11781 | D:12     | Killed a cyan ugly thing
 11888 | D:12     | Learned a level 5 spell: Agony
 12068 | D:12     | Found a roughly hewn altar of Beogh.
 12068 | D:12     | Found a staircase to the Orcish Mines.
 12248 | D:12     | Reached **** piety under Kikubaaqudgha
 12856 | Lair:1   | Entered Level 1 of the Lair of Beasts
 12933 | Lair:1   | Found a runed translucent gate.
 12933 | Lair:1   | Found a runed translucent gate.
 12933 | Lair:1   | Found a runed translucent gate.
 13211 | Lair:1   | Reached skill level 10 in Dodging
 13530 | Lair:1   | Reached XP level 12. HP: 58/76 MP: 17/17
 14053 | Lair:1   | Got a spiked scale mail
 14064 | Lair:1   | Identified the +2 scale mail of Mecwio {rC++ Int+6 Dex-4}
                  | (You found it on level 1 of the Lair of Beasts)
 14103 | Lair:1   | Noticed Zero's ghost (novice GrBe)
 14488 | Lair:2   | Noticed an eight-headed hydra
 14878 | Lair:2   | Noticed a catoblepas
 14965 | Lair:2   | Reached skill level 1 in Spellcasting
 14965 | Lair:2   | Reached skill level 1 in Necromancy
 15087 | Lair:2   | Noticed Sonja
 15092 | Lair:2   | Killed Sonja
 15673 | Lair:3   | Found a staircase to the Snake Pit.
 15824 | Lair:3   | Found a staircase to the Swamp.
 16006 | Lair:3   | Reached ***** piety under Kikubaaqudgha
 16030 | Lair:3   | Reached skill level 5 in Necromancy
 16688 | Lair:4   | Noticed Snorg
 16756 | Lair:4   | Reached skill level 5 in Spellcasting
 17013 | Lair:4   | Noticed a five-headed hydra
 17153 | Lair:4   | Killed a five-headed hydra
 17153 | Lair:4   | Reached XP level 13. HP: 80/80 MP: 20/22
 17159 | Lair:4   | Learned a level 1 spell: Apportation
 17163 | Lair:4   | Learned a level 3 spell: Regeneration
 17166 | Lair:4   | Learned a level 2 spell: Corpse Rot
 17170 | Lair:4   | Learned a level 3 spell: Lesser Beckoning
 18250 | Lair:5   | Found a burning altar of Makhleb.
 18291 | Lair:5   | Reached skill level 1 in Translocations
 18985 | Lair:5   | Found a viscous altar of Jiyva.
 18986 | Lair:5   | Found a staircase to the Slime Pits.
 19316 | Lair:5   | HP: 4/80 [meliai/divine providence (10)]
 20320 | Lair:6   | Entered Level 6 of the Lair of Beasts
 20739 | Lair:6   | Noticed a dire elephant
 20980 | Lair:6   | Reached XP level 14. HP: 86/86 MP: 27/27
 21118 | Lair:6   | Reached ****** piety under Kikubaaqudgha
 21581 | Lair:6   | Reached skill level 10 in Spellcasting
 21917 | Lair:6   | Killed a dire elephant
 22513 | Lair:6   | Reached skill level 1 in Shields
 23472 | Lair:4   | Killed Snorg
 24235 | D:13     | Reached skill level 10 in Necromancy
 24244 | D:13     | Found a frozen archway.
 24253 | IceCv    | Entered an ice cave
 25192 | IceCv    | Noticed a frost giant
 25226 | IceCv    | Killed a frost giant
 25645 | D:13     | Learned a level 5 spell: Dispel Undead
 25695 | D:13     | Reached XP level 15. HP: 90/90 MP: 30/30
 27166 | D:13     | Reached skill level 1 in Armour
 27289 | D:13     | Found a gate to the Vaults.
 27682 | D:13     | Reached skill level 5 in Armour
 28678 | Orc:1    | Entered Level 1 of the Orcish Mines
 28679 | Orc:1    | Upgraded the game from 0.24-a0-208-g17bec22d17 to
                  | 0.24-a0-217-g1152973720
 28990 | Orc:1    | Found Koam Eraro's Armour Shoppe.
 29304 | Orc:2    | Entered Level 2 of the Orcish Mines
 29584 | Orc:2    | Found a roughly hewn altar of Beogh.
 29783 | Orc:2    | Reached skill level 10 in Fighting
 29784 | Orc:2    | Found Tiret's Weapon Boutique.
 29802 | Orc:2    | Found Nuv Vasi's Book Shop.
 30277 | Orc:2    | Reached XP level 16. HP: 98/99 MP: 28/33
 30540 | Orc:2    | Found a staircase to the Elven Halls.
 31065 | Orc:2    | Found a roughly hewn altar of Beogh.
 31380 | Orc:2    | Found Inkept's Antique Armour Shoppe.
 31388 | Orc:2    | Bought an embroidered hat for 175 gold pieces
 31437 | Orc:2    | Found Aplooqol's Antique Weapon Emporium.
 31531 | Orc:2    | Bought a book of Dreams for 1050 gold pieces
 31537 | Orc:2    | Learned a level 5 spell: Borgnjor's Vile Clutch
 31618 | D:15     | Entered Level 15 of the Dungeon
 31640 | D:15     | Noticed Wummyff's ghost (amateur MiGl)
 31672 | D:15     | Found a transporter.
 31724 | D:15     | Found a transporter.
 32902 | D:15     | Found a staircase to the Depths.
 33292 | Swamp:1  | Entered Level 1 of the Swamp
 34148 | Swamp:1  | Identified Roxanne's Tome of Transmigration
 34148 | Swamp:1  | Noticed Roxanne
 34360 | Swamp:2  | Reached skill level 15 in Necromancy
 34792 | Swamp:2  | Paralysed by a hornet for 2 turns
 35079 | Swamp:2  | Reached XP level 17. HP: 106/106 MP: 18/34
 35381 | Swamp:2  | Noticed Nikola
 35729 | Swamp:2  | Learned a level 6 spell: Death Channel
 35889 | Swamp:2  | Noticed Donald
 35929 | Swamp:2  | Killed Donald
 36102 | Swamp:2  | Killed Nikola
 36498 | Swamp:3  | Noticed Kirke
 36523 | Swamp:3  | Killed Kirke
 37141 | Swamp:4  | Entered Level 4 of the Swamp
 37444 | Swamp:4  | Noticed the 27-headed Lernaean hydra
 37455 | Swamp:4  | Killed the 27-headed Lernaean hydra
 37491 | Swamp:4  | Got a decaying rune of Zot
 37955 | Snake:1  | Entered Level 1 of the Snake Pit
 37955 | Snake:1  | Noticed Rupert
 38025 | Snake:1  | Killed Rupert
 38228 | Snake:1  | Found a runed translucent door.
 38702 | Snake:1  | Reached XP level 18. HP: 87/112 MP: 26/36
 39428 | Snake:2  | Found Qohinen's Jewellery Boutique.
 39428 | Snake:2  | Found Ohoclang's Gadget Shoppe.
 39429 | Snake:2  | Found Avery's Jewellery Boutique.
 39439 | Snake:2  | Bought the ring "Zelaraep" {rC+ AC+4} for 800 gold pieces
 39622 | Snake:3  | Found a hide-covered altar of Uskayaw.
 40379 | Snake:4  | Entered Level 4 of the Snake Pit
 40608 | Snake:4  | Reached skill level 15 in Spellcasting
 41234 | Snake:4  | Noticed Vashnia
 41265 | Snake:4  | Killed Vashnia
 41354 | Snake:4  | Found Ufyemics's Weapon Shoppe.
 41704 | Vaults:1 | Entered Level 1 of the Vaults
 41803 | Vaults:1 | Reached XP level 19. HP: 116/116 MP: 24/39
 42204 | Vaults:1 | Reached skill level 15 in Dodging
 43725 | Vaults:2 | Noticed Mara
 43734 | Vaults:2 | Noticed Orphidia's illusion
 43771 | Vaults:2 | Killed Mara
 43794 | Vaults:2 | Found a staircase to the Crypt.
 44321 | Vaults:2 | Found Dyqous's Food Emporium.
 44740 | Vaults:2 | Reached XP level 20. HP: 76/122 MP: 9/40
 44925 | Vaults:2 | Reached skill level 5 in Shields
 44981 | Vaults:2 | Noticed Margery
 44990 | Vaults:2 | Killed Margery
 45925 | Lair:1   | Killed Zero's ghost
 46264 | Vaults:3 | Found a magical portal.
 46292 | WizLab   | Entered The Roulette of Golubria
 46292 | WizLab   | Found a transporter.
 46295 | WizLab   | Found a corrupted altar of Lugonu.
 46296 | WizLab   | Found the +2 cloak of the Thief {+Fog Slay-2 SInv Stlth+}
 46307 | WizLab   | Found a transporter.
 46308 | WizLab   | Found a corrupted altar of Lugonu.
 46508 | Vaults:3 | Identified the ring of the Pariah {rN+ Stlth+}
 46692 | Vaults:3 | Noticed Asterion
 46698 | Vaults:3 | Killed Asterion
 46811 | Vaults:3 | Found Rirchoa's Book Shoppe.
 46882 | Vaults:3 | Reached skill level 10 in Shields
 47400 | Vaults:3 | Identified the Almanac of Entrancing Enhancements
 48242 | Vaults:4 | Reached XP level 21. HP: 127/127 MP: 26/41
 49884 | Snake:4  | Got a serpentine rune of Zot
 49994 | Snake:4  | Reached skill level 15 in Shields
 50934 | Elf:1    | Entered Level 1 of the Elven Halls
 51386 | Elf:1    | Identified the Compendium of the Cricket
 51393 | Elf:1    | Learned a level 4 spell: Animate Dead
 52220 | Elf:2    | Reached skill level 15 in Maces & Flails
 52365 | Elf:2    | Found a runed translucent gate.
 52365 | Elf:2    | Found a runed translucent gate.
 52375 | Elf:2    | Found a runed translucent gate.
 52545 | Elf:2    | Reached XP level 22. HP: 136/136 MP: 42/42
 52709 | Elf:3    | Entered Level 3 of the Elven Halls
 53536 | Elf:3    | Identified the ring of the Orange Skies {rElec rN+ Int+4
                  | Dex+3}
 53757 | Elf:3    | Reached skill level 15 in Fighting
 53803 | Elf:3    | Identified the cursed +0 large shield "Omyer" {rF+}
 54747 | Elf:3    | Learned a level 2 spell: Blink
 54787 | Elf:3    | Identified Sif Muna's Handbook of Flight
 54795 | Elf:3    | Identified the Volume of Companions and Heat
 54823 | Elf:3    | Identified the +7 scale mail "Fiesomaq" {rC+ MR- Regen+}
 55207 | Depths:1 | Entered Level 1 of the Depths
 55714 | Depths:1 | Found a gateway to a ziggurat.
 55723 | Depths:1 | Reached XP level 23. HP: 143/144 MP: 20/44
 55798 | Depths:1 | Got a dazzling scale mail
 55799 | Depths:1 | Identified the +8 scale mail of the Nightingale {*Drain
                  | rPois Str+2 SInv} (You found it on level 1 of the Depths)
 55882 | Depths:1 | Found Buall's Distillery.
 55888 | Depths:1 | Bought 2 potions of curing for 78 gold pieces
 55888 | Depths:1 | Bought a potion of curing for 39 gold pieces
 55888 | Depths:1 | Bought a potion of agility for 52 gold pieces
 55888 | Depths:1 | Bought a potion of curing for 39 gold pieces
 55888 | Depths:1 | Bought a potion of agility for 52 gold pieces
 55888 | Depths:1 | Bought 2 potions of might for 104 gold pieces
 55888 | Depths:1 | Bought a potion of resistance for 130 gold pieces
 55888 | Depths:1 | Bought a potion of cancellation for 104 gold pieces
 55888 | Depths:1 | Bought a potion of brilliance for 52 gold pieces
 55888 | Depths:1 | Found Civ Qeumugy's Antique Armour Shop.
 56459 | Depths:1 | Found a gateway to Hell.
 56597 | Depths:2 | Identified the +2 faerie dragon scales {rCorr Str+2}
 56597 | Depths:2 | Noticed the Enchantress
 56735 | Depths:1 | Killed the Enchantress
 56812 | Depths:2 | Noticed a juggernaut
 57211 | Depths:2 | Identified the ring "Hebotey" {Ice *Slow rElec rN+++
                  | Stlth+}
 57446 | Depths:2 | Killed a juggernaut
 57455 | Depths:2 | Noticed a golden dragon
 57471 | Depths:2 | Killed a golden dragon
 57474 | Depths:2 | Identified the ring "Ryihoynn" {MR+++ MP+9 Int+5 Dex+5}
 58774 | Depths:3 | Found a one-way gate to the infinite horrors of the Abyss.
 58776 | Depths:3 | Found a one-way gate leading to the halls of Pandemonium.
 58779 | Depths:3 | Reached XP level 24. HP: 150/150 MP: 44/44
 59189 | Depths:3 | Found an ornate altar of the Wu Jian Council.
 59190 | Depths:3 | Found a snail-covered altar of Cheibriados.
 59190 | Depths:3 | Found a basalt altar of Yredelemnul.
 59456 | Depths:3 | Noticed a caustic shrike
 59482 | Depths:3 | Killed a caustic shrike
 59617 | Depths:3 | Identified the amulet "Tuegiept" {RegenMP rF+ Stlth+}
 59700 | Depths:3 | Found the +5 pair of quick blades "Gyre" and "Gimble"
                  | {pierce, Dex-3}
 59763 | Depths:3 | Identified the Compendium of Creative Heat
 60026 | Depths:3 | Identified the ring "Utzur" {rC+ MR+ Int+4 Dex+2}
 60427 | Depths:4 | You are sucked into a shaft!
 60427 | Depths:5 | Entered Level 5 of the Depths
 60796 | Depths:4 | Found a transporter.
 60797 | Depths:4 | Found a corrupted altar of Lugonu.
 60816 | Depths:4 | Found a portal to a secret trove of treasure.
 61067 | Depths:4 | Found a transporter.
 61713 | Depths:5 | Reached XP level 25. HP: 125/155 MP: 44/44
 62191 | Depths:5 | Noticed a juggernaut
 62205 | Depths:5 | Killed a juggernaut
 62621 | Depths:5 | Found a gate to the Realm of Zot.
 63440 | Crypt:1  | Entered Level 1 of the Crypt
 63857 | D:8      | Received a gift from Kikubaaqudgha
 63867 | D:8      | Learned a level 7 spell: Haunt
 66019 | Crypt:2  | Found a basalt altar of Yredelemnul.
 66233 | Crypt:3  | Entered Level 3 of the Crypt
 67115 | Crypt:3  | Reached XP level 26. HP: 136/157 MP: 44/44
 67311 | Crypt:3  | Found a staircase to the Tomb.
 67356 | Crypt:3  | Noticed Saint Roka
 67405 | Crypt:3  | Killed Saint Roka
 67670 | Crypt:3  | Identified the +7 mace of Plunder {freeze, +Blink}
 67695 | Crypt:3  | Found a basalt altar of Yredelemnul.
 67696 | Crypt:3  | Identified the ring of Doubts {rElec rN+ SInv}
 67848 | Crypt:3  | Noticed a greater mummy
 67874 | Crypt:3  | Killed a greater mummy
 68245 | Crypt:3  | Identified the Catalogue of Sinister Rituals
 68335 | Crypt:3  | Learned a level 8 spell: Infestation
 68566 | Vaults:5 | Entered Level 5 of the Vaults
 68639 | Vaults:5 | Noticed an ancient lich
 68664 | Vaults:5 | Killed an ancient lich
 68682 | Vaults:5 | Noticed an ancient lich
 68697 | Vaults:5 | Killed an ancient lich
 68856 | Vaults:5 | Learned a level 5 spell: Aura of Abjuration
 68954 | Vaults:5 | Reached skill level 1 in Summonings
 68977 | Vaults:5 | Identified the Catalogue of Arcane Weapons and Changing
 69027 | Vaults:5 | Identified the +6 long sword "Kasis" {speed, Int+2}
 69070 | Vaults:5 | Got a silver rune of Zot
 69748 | Vaults:5 | Identified the Compendium of Confrontation and Changing
 69788 | Vaults:5 | Found the +27 Lear's hauberk
 69972 | Vaults:5 | Reached skill level 5 in Summonings
 70016 | Vaults:5 | Found Raded's Distillery.
 70031 | Vaults:5 | Bought a potion of curing for 45 gold pieces
 70031 | Vaults:5 | Bought a potion of magic for 120 gold pieces
 70031 | Vaults:5 | Bought a potion of cancellation for 120 gold pieces
 70031 | Vaults:5 | Bought a potion of magic for 120 gold pieces
 70031 | Vaults:5 | Bought a potion of haste for 150 gold pieces
 70098 | Vaults:5 | Got a pair of scorched boots
 70099 | Vaults:5 | Identified the +2 pair of boots "Hichib" {Dex+4} (You found
                  | it on level 5 of the Vaults)
 70827 | Vaults:1 | Got a spiked scale mail
 70828 | Vaults:1 | Identified the cursed +1 scale mail of Xutatheh {*Drain
                  | Int+9 Dex+3 SInv} (You found it on level 1 of the Vaults)
 71018 | Depths:1 | Bought a jewelled scale mail for 153 gold pieces
 71018 | Depths:1 | Identified the cursed +0 scale mail of Absence {-Cast +Inv
                  | +Fly Slay-5} (You bought it in a shop on level 1 of the
                  | Depths)
 71091 | Depths:2 | Learned a level 8 spell: Death's Door
 71250 | Zot:1    | Entered Level 1 of the Realm of Zot
 71366 | Zot:1    | Reached XP level 27. HP: 131/165 MP: 44/44
 71445 | Zot:1    | Reached skill level 1 in Charms
 71843 | Zot:1    | Reached skill level 5 in Charms
 72939 | Zot:2    | Reached skill level 10 in Summonings
 74066 | Zot:3    | Reached skill level 10 in Charms
 75006 | Zot:3    | Got a transparent brass ring
 75014 | Zot:3    | Identified the ring of Salvation {-Tele rElec rPois Str+5
                  | Stlth+} (You found it on level 3 of the Realm of Zot)
 75879 | Zot:4    | Found a transporter.
 76081 | Zot:4    | Found a transporter.
 76839 | Tomb:1   | Entered Level 1 of the Tomb of the Ancients
 78028 | Tomb:1   | Noticed a greater mummy
 78044 | Tomb:1   | HP: 8/163 [??? (4)]
 78111 | Tomb:1   | Killed a greater mummy
 78339 | Tomb:1   | Noticed a greater mummy
 78384 | Tomb:1   | Killed a greater mummy
 79446 | Slime:1  | Entered Level 1 of the Pits of Slime
 79621 | Slime:1  | Gained mutation: Your body sometimes deteriorates upon
                  | taking damage. [a shining eye]
 80111 | Slime:2  | Noticed Dissolution
 80118 | Slime:2  | Paralysed by a floating eye for 3 turns
 80397 | Slime:2  | Killed Dissolution
 81071 | Slime:3  | Gained mutation: You are frail. (-10% HP) [a shining eye]
 81701 | Slime:5  | Entered Level 5 of the Pits of Slime
 81777 | Slime:5  | Noticed the Royal Jelly
 82035 | Slime:5  | Found a viscous altar of Jiyva.
 82050 | Slime:5  | Found the +2 ratskin cloak {+Rats rPois rN+ Str-1 Int-1
                  | Dex+1}
 82177 | Slime:5  | Killed the Royal Jelly
 82264 | Slime:5  | Got a slimy rune of Zot
 82265 | Slime:5  | Identified the Catalogue of the Voyage
 82284 | Slime:5  | Got a fine steel ring
 82285 | Slime:5  | Identified the ring "Ysicvi" {rF- rN+ Int+4 Stlth+} (You
                  | found it on level 5 of the Pits of Slime)
 82294 | Slime:5  | Identified Sif Muna's Compendium of Lucky Slavery
 82329 | Slime:5  | Identified the Guide on the Escort and the Mountains
 82820 | Vaults:5 | Bought a potion of mutation for 120 gold pieces
 83128 | Depths:1 | Bought a potion of mutation for 104 gold pieces
 83128 | Depths:1 | Lost mutation: Your body sometimes deteriorates upon taking
                  | damage. [potion of mutation]
 83128 | Depths:1 | Lost mutation: You are frail. (-10% HP) [potion of
                  | mutation]
 83128 | Depths:1 | Gained mutation: Potions are less effective at restoring
                  | your health. [potion of mutation]
 83128 | Depths:1 | Gained mutation: You can translocate small distances at
                  | will. [potion of mutation]
 83129 | Depths:1 | Lost mutation: Potions are less effective at restoring your
                  | health. [potion of mutation]
 83129 | Depths:1 | Gained mutation: Your mind is acute. (Int +2) [potion of
                  | mutation]
 83129 | Depths:1 | Gained mutation: You are partially covered in icy blue
                  | scales. (AC +2) [potion of mutation]
 83464 | Zot:5    | Entered Level 5 of the Realm of Zot
 83563 | Zot:5    | Identified a scroll of acquirement
 83568 | Zot:5    | the best acq ever
 83762 | Zot:5    | Lost mutation: Your mind is acute. (Int +2) [the power of
                  | Zot]
 84100 | Zot:5    | Noticed an ancient lich
 84324 | Zot:5    | Noticed an ancient lich
 84336 | Zot:5    | Killed an ancient lich
 84555 | Zot:5    | Reached skill level 10 in Armour
 84675 | Zot:5    | Noticed an orb of fire
 84676 | Zot:5    | Gained mutation: Scrolls take you a little longer to read.
                  | [an orb of fire]
 84678 | Zot:5    | Gained mutation: Scrolls take you longer to read. [an orb
                  | of fire]
 84683 | Zot:5    | Gained mutation: You are dopey. (Int -2) [an orb of fire]
 84696 | Zot:5    | Killed an orb of fire
 84935 | Zot:5    | Noticed an ancient lich
 85017 | Zot:5    | Killed an ancient lich
 85052 | Zot:5    | Noticed an orb of fire
 85061 | Zot:5    | Noticed an ancient lich
 85072 | Zot:5    | Gained mutation: You occasionally shout uncontrollably at
                  | your foes. [an orb of fire]
 85079 | Zot:5    | Gained mutation: Scrolls take you much longer to read. [an
                  | orb of fire]
 85082 | Zot:5    | Killed an orb of fire
 85269 | Zot:5    | Noticed an orb of fire
 85282 | Zot:5    | Killed an orb of fire
 85310 | Zot:5    | Noticed an ancient lich
 85310 | Zot:5    | Noticed an ancient lich
 85314 | Zot:5    | Noticed an orb of fire
 85315 | Zot:5    | Gained mutation: You are clumsy. (Dex -2) [an orb of fire]
 85641 | Zot:5    | Gained mutation: You are very clumsy. (Dex -4) [an orb of
                  | fire]
 85647 | Zot:5    | Gained mutation: You are frail. (-10% HP) [an orb of fire]
 85648 | Zot:5    | Killed an orb of fire
 85705 | Zot:5    | Noticed an ancient lich
 85712 | Zot:5    | Killed an ancient lich
 85712 | Zot:5    | Reached skill level 15 in Armour
 85719 | Zot:5    | Killed from afar by an ancient lich
